 Dungeon Crawl Stone Soup version 0.31-a0-1202-ga8fea8b373 (webtiles) character file.

Game seed: 10590591367299278684

271246 qw the Slayer (level 20, -17/145 HPs)
             Began as a Gargoyle Hunter on Dec 11, 2023.
             Was the Champion of Okawaru.
             Killed from afar by Jory (53 damage)
             ... with a crystal spear
             ... on level 3 of the Vaults on Dec 12, 2023.
             The game lasted 00:23:36 (34785 turns).

qw the Slayer (Gargoyle Hunter)                    Turns: 34785, Time: 00:23:36

Health: -17/145    AC: 35    Str: 18    XL:     20   Next: 63%
Magic:  27/27      EV: 30    Int: 12    God:    Okawaru [******]
Gold:   1418       SH:  0    Dex: 35    Spells: 19/19 levels left

rFire   + . .        a - +8 longbow "Zephyr" {speed, Dex+3 SInv}
rCold   + + .        (shield currently unavailable)
rNeg    + . .        r - +2 ring mail {rF+}
rPois   inf          t - +2 helmet
rElec   +            g - scarf {rC+ rF+}
rCorr   .            n - +2 pair of gloves {Dex+3}
SInv    +            j - +2 pair of boots "Sucegas" {Slay+2}
Will    ++...        b - amulet of faith
Stlth   ++           z - ring "Dokkoga" {Ice Will+ Str+2 Dex+4 SInv}
HPRegen 0.44/turn    E - +6 ring of dexterity
MPRegen 0.20/turn

%: faith
@: about to teleport, flying
A: sickness immunity, AC +15, big wings, negative energy resistance 1,
electricity resistance, torment resistance 1, petrification resistance
}: 1/15 runes: gossamer
a: Renounce Religion, Heroism, Finesse, Duel


You were on level 3 of the Vaults.
You worshipped Okawaru.
Okawaru was exalted by your worship.
You visited 7 branches of the dungeon, and saw 33 of its levels.
You also visited: Sewer, Gauntlet and Wizlab.

You collected 3377 gold pieces.
You spent 1959 gold pieces at shops.


Innate Abilities, Weirdness & Mutations

You are immune to sickness and miasma.
Your stone body is resilient. (AC +15)
You are immune to poison.
Your large and strong wings let you fly.
You resist negative energy. (rN+)
You are resistant to electric shocks. (rElec)
You are resistant to unholy torment.
You are immune to petrification.


   Skills:
 - Level 22.0 Fighting
 - Level 20.0 Ranged Weapons
 - Level 13.1 Armour
 + Level 16.2 Dodging
 - Level 1.1 Stealth
 - Level 10.0 Invocations


You had 19 spell levels left.
You didn't know any spells.
Your spell library was empty.

Inventory:

Hand Weapons
 a - the +8 longbow "Zephyr" (weapon) {speed, Dex+3 SInv}
   (You acquired it in a sewer)

   Dex+3:     It affects your dexterity (+3).
   SInv:      It lets you see invisible.
Armour
 g - a scarf of resistance (worn)
 j - the +2 pair of boots "Sucegas" (worn) {Slay+2}
   (Okawaru gifted it to you on level 2 of the Lair of Beasts)

   Slay+2:    It affects your accuracy & damage with ranged weapons and melee
   (+2).
 n - a +2 pair of gloves of dexterity (worn)
 r - a +2 ring mail of fire resistance (worn)
 s - a +0 troll leather armour
 t - a +2 helmet (worn)
 x - a +2 ring mail of cold resistance
 y - a +2 cloak of preservation
Jewellery
 b - an amulet of faith (around neck)
 q - an amulet of reflection
 z - the ring "Dokkoga" (left hand) {Ice Will+ Str+2 Dex+4 SInv}
   (You found it on level 5 of the Lair of Beasts)

   [ring of ice]

   Ice:       It enhances your ice magic.
   Str+2:     It affects your strength (+2).
   Dex+4:     It affects your dexterity (+4).
   rF-:       It makes you vulnerable to fire.
   rC+:       It protects you from cold.
   Will+:     It increases your willpower.
   SInv:      It lets you see invisible.
 A - a ring of fire
 E - a +6 ring of dexterity (right hand)
 Y - a +4 ring of protection
Wands
 m - a wand of digging (1)
 p - a wand of iceblast (17)
 u - a wand of paralysis (17)
 C - a wand of acid (16)
Scrolls
 e - 15 scrolls of teleportation
 f - 18 scrolls of identify
 w - 5 scrolls of enchant weapon
 B - a scroll of brand weapon
Potions
 c - 4 potions of haste
 d - 17 potions of curing
 h - 3 potions of magic
 i - 6 potions of resistance
 k - 6 potions of mutation
 l - 5 potions of might
 o - 7 potions of enlightenment
 v - 9 potions of heal wounds

Dungeon Overview and Level Annotations

Branches:
Dungeon (15/15)            Temple (1/1) D:4            Lair (5/5) D:11
 Shoals (3/4) Lair:2       Spider (4/4) Lair:2        Slime (0/5) Lair:4
    Orc (2/2) D:12            Elf (0/3) Orc:2        Vaults (3/5) D:13
  Crypt (0/3) Vaults:3     Depths (0/4) D:15          Sewer (visited)
 WizLab (visited)         Gauntlet (visited)

Altars:
Ashenzari
Cheibriados
Dithmenos
Elyvilon
Fedhas
Gozag
Hepliaklqana
Kikubaaqudgha
Makhleb
Nemelex Xobeh
Okawaru
Qazlal
Ru
Sif Muna
Trog
Uskayaw
Vehumet
Wu Jian
Xom
Yredelemnul
Zin
The Shining One
Jiyva

Shops:
D:9 [   D:11 ?   Orc:2 ((?*   Shoals:1 *   Vaults:2 ?

Annotations:
D:11 exclusion: lindwurm
Lair:4 2 transporters, qw's ghost, journeyman GrHu
Lair:5 3 runed translucent doors, qw's ghost, journeyman GrHu
Spider:3 2 transporters, qw's ghost, adept MiHs
Vaults:3 Jory


Message History

You shoot an arrow. The arrow hits Jory.
Jory is heavily damaged.
You shoot an arrow. The arrow hits Jory!!
Jory is heavily damaged.
You shoot an arrow. The arrow closely misses Jory.
You shoot an arrow. The arrow hits Jory!
Jory is severely damaged.
You shoot an arrow. The arrow hits Jory!
Jory is severely damaged.
You shoot an arrow. The arrow closely misses Jory.
Jory swishes his cloak stereotypically.
Jory hits you with a +4 great sword of electrocution!!
Jory misses you.
You shoot an arrow. The arrow hits Jory!
Jory is severely damaged.
You shoot an arrow. The arrow hits Jory.
Jory is severely damaged.
Jory hits you with a +4 great sword of electrocution!!
Jory bites you!
You shoot an arrow. The arrow closely misses Jory.
Jory casts a spell.
Jory attempts to bespell you! You resist with almost no effort.
You shoot an arrow. The arrow hits Jory.
Jory is severely damaged.
You shoot an arrow. The arrow hits Jory but does no damage.
Jory is severely damaged.
Jory hits you with a +4 great sword of electrocution!!
Jory completely misses you.
You shoot an arrow. The arrow barely misses Jory.
You shoot an arrow. The arrow hits Jory but does no damage.
Jory is severely damaged.
Jory hits you with a +4 great sword of electrocution!!
Jory bites you!
34785 ||| READING 16 scrolls of teleportation.
As you read the scroll of teleportation, it crumbles to dust.
You feel strangely unstable.
Jory points at you and mumbles some strange words.
The crystal spear hits you!!!
You die...
Jory screams, "Yes, yes!"

#......#...#......#...###
#......#...#......#...#
#?.....#...#......#...#'
#......#...#......#.....
#......#...#......#.....
#......#...########.....
########................
.................V......
................@......^
##################+####+


You could see Jory.

Vanquished Creatures
  Mennas (Vaults:2)
  Arachne (Spider:2)
  A Cloud Mage (WizLab)
  Rupert (D:14)
  Zenata (Vaults:3)
  Asterion (Spider:2)
  A sphinx (Vaults:1)
  An ancient champion (Vaults:3)
  Kirke (D:14)
  Ilsuiw (Shoals:2)
  5 emperor scorpions
  3 vault wardens (Vaults:3)
  3 ghost moths (Spider:4)
  9 ironbound thunderhulks
  A broodmother (Spider:3)
  A very ugly thing (Vaults:1)
  13 ironbound preservers
  2 orc warlords
  2 formless jellyfish
  A stone giant (Vaults:3)
  Nessos (D:12)
  11 dire elephants
  3 spark wasps
  A minotaur (Gauntlet)
  3 blizzard demons (WizLab)
  A merfolk javelineer (Shoals:2)
  An ettin (Vaults:2)
  5 entropy weavers
  6 yaktaur captains
  5 hydras
  Fannar (D:12)
  A rakshasa (D:12)
  2 vault guards (Vaults:3)
  A sphinx zombie (D:15)
  6 ironbound frosthearts
  2 ogre magi
  6 jorogumos
  2 catoblepae
  3 spriggan air magi (WizLab)
  3 merfolk avatars
  A peacekeeper (Vaults:3)
  10 centaur warriors
  13 boulder beetles
  3 tengu warriors
  2 ghost crabs (WizLab)
  8 two-headed ogres
  A satyr (Shoals:3)
  A radroach (Spider:2)
  4 merfolk aquamancers (Shoals:2)
  3 shock serpents (WizLab)
  6 demonic crawlers
  A vampire mage (D:15)
  4 orc high priests
  4 pharaoh ants
  A titan skeleton (Vaults:3)
  9 skeletal warriors
  3 skysharks
  2 storm dragon skeletons (D:15)
  14 sea snakes
  Amaemon (Lair:1)
  2 sun moths
  2 death drakes (WizLab)
  39 deep trolls
  An orb spider (Spider:4)
  3 steelbarb worms
  7 ironbound convokers
  5 arcanists
  3 wolf spider zombies (D:14)
  2 deep elf pyromancers
  21 harpies
  2 necromancers
  A phantasmal warrior (Vaults:2)
  10 lindwurms
  A shadow dragon skeleton (Vaults:3)
  4 orc sorcerers
  9 orc knights
  4 manticores
  14 ugly things
  9 fauns
  9 cyclopes
  5 moths of wrath
  7 centaur zombies (D:14)
  20 wolf spiders
  12 elephants
  4 black mambas
  2 black mambas (shapeshifter) (D:14)
  3 kobold blastminers (Orc:2)
  A water nymph (Shoals:3)
  An apocalypse crab (WizLab)
  9 merfolk sirens
  An orange demon (Lair:1)
  A guardian serpent (shapeshifter) (D:14)
  5 torpor snails
  8 vault sentinels
  9 cane toads
  5 gargoyles
  2 unseen horrors
  An unseen horror (shapeshifter) (D:13)
  A rime drake (Lair:4)
  A kobold demonologist (D:9)
  A freezing wraith (D:14)
  8 komodo dragons
  16 yaktaurs
  6 tengu conjurers
  2 efreet
  2 yaktaur skeletons (Vaults:3)
  6 trolls
  3 wind drakes
  A meliai (shapeshifter) (D:14)
  5 hornets
  3 meliai (Spider:2)
  16 merfolk
  4 polar bears
  A wind drake (shapeshifter) (D:13)
  16 blink frogs
  A raiju (Gauntlet)
  22 tarantellas
  11 dream sheep
  9 snapping turtles
  2 meliai zombies (D:14)
  26 culicivoras
  13 slime creatures
  8 air elementals (WizLab)
  4 water elementals
  A vampire (D:13)
  34 jumping spiders
  A shadow (D:12)
  13 spriggans (Lair:5)
  21 humans
  7 wyverns
  6 wraiths
  8 basilisks
  54 yaks
  2 hogs (D:14)
  A golden eye (shapeshifter) (D:14)
  72 redbacks
  4 elf skeletons (Vaults:3)
  2 steam dragons (Gauntlet)
  A neqoxec (Gauntlet)
  6 vampire mosquitoes (D:13)
  A death yak simulacrum (D:13)
  A chaos spawn (Gauntlet)
  6 wargs
  2 acid dragons
  23 water moccasins
  25 orc warriors
  6 black bears
  2 sky beasts
  A black bear (shapeshifter) (D:14)
  11 boggarts
  5 human skeletons (Vaults:3)
  10 ogres
  23 wolves
  4 centaurs
  4 kobold brigands
  A phantom (D:5)
  15 bullfrogs
  A gnoll sergeant (D:12)
  4 scorpions
  4 wights
  9 killer bees
  An electric eel (Spider:3)
  6 howler monkeys
  A jelly (D:5)
  A gnoll bouda (D:9)
  21 orc priests
  6 hounds
  3 sleepcaps
  Terence (D:3)
  2 boggart zombies (D:14)
  4 iguanas
  14 orc wizards
  A spriggan simulacrum (D:13)
  A troll simulacrum (D:13)
  2 wolf simulacra (D:13)
  8 gnolls
  11 adders
  5 river rats (Sewer)
  3 naga simulacra (D:13)
  2 shadow imps
  A white imp (D:7)
  2 worms
  4 dart slugs
  62 orcs
  5 bats
  13 endoplasms
  6 giant cockroaches
  7 goblins
  5 hobgoblins
  2 jackals (D:1)
  22 kobolds
  5 quokkas
  21 ball pythons
  9 frilled lizards
  28 rats
1313 creatures vanquished.

Vanquished Creatures (others)
  3 spriggan air magi (WizLab)
  A deep elf pyromancer (D:13)
  3 air elementals (WizLab)
  An orc wizard (Orc:2)
8 creatures vanquished.

Grand Total: 1321 creatures vanquished

Notes
Turn   | Place    | Note
-------+----------+-------------------------------------------
     0 | D:1      | qw the Gargoyle Hunter began the quest for the Orb.
     0 | D:1      | Reached XP level 1. HP: 12/12 MP: 1/1
     0 | D:1      | 0 ||| qw: Version: 0.3-a-106-g2cfff9e
     0 | D:1      | 0 ||| qw: Game counter: 2125
     0 | D:1      | 0 ||| qw: Melee chars always use a shield: true
     0 | D:1      | 0 ||| qw: God list: Okawaru
     0 | D:1      | 0 ||| qw: Allow faded altars: false
     0 | D:1      | 0 ||| qw: Do Orc after clearing Dungeon:15 true
     0 | D:1      | 0 ||| qw: Do second Lair branch before Depths: true
     0 | D:1      | 0 ||| qw: Lair rune preference: random
     0 | D:1      | 0 ||| qw: Goals: Normal, Save, Zot:1-4, Win
     0 | D:1      | 0 ||| PLANNING D:1-11
   104 | D:1      | Reached XP level 2. HP: 15/17 MP: 2/2
   123 | D:1      | Found a faded altar of an unknown god.
   262 | D:1      | 262 ||| READING 2 scrolls labelled GOEHAX RIAMN.
   263 | D:1      | 263 ||| READING scroll labelled ONWEK INAYTIB.
   264 | D:1      | 264 ||| READING scroll labelled BOEPTA CEFYIMI.
   265 | D:1      | 265 ||| READING scroll labelled HOBBEA SOLIC.
   266 | D:1      | 266 ||| READING scroll labelled CEBBYI COTOCE.
   522 | D:1      | Reached XP level 3. HP: 21/21 MP: 3/3
   688 | D:1      | 688 ||| READING scroll labelled LEIGEL MEAXO.
   689 | D:1      | 689 ||| READING scroll labelled SAONOR HALURI.
   689 | D:1      | 689 ||| IDENTIFYING murky inky potion
   690 | D:1      | 690 ||| DRINKING 2 smoky green potions.
   691 | D:1      | 691 ||| DROPPING scroll of butterflies.
   692 | D:1      | 692 ||| DROPPING potion of invisibility.
   958 | D:2      | Reached skill level 3 in Fighting
   958 | D:2      | Reached XP level 4. HP: 28/28 MP: 4/4
  1523 | D:2      | 1523 ||| UPGRADING to +0 ring mail.
  1533 | D:2      | 1533 ||| DROPPING +0 leather armour.
  1534 | D:2      | 1534 ||| UPGRADING to +4 ring of protection.
  1535 | D:2      | 1535 ||| READING 2 scrolls of identify.
  1535 | D:2      | 1535 ||| IDENTIFYING sedimented coppery potion
  1536 | D:2      | 1536 ||| READING scroll of identify.
  1536 | D:2      | 1536 ||| IDENTIFYING 2 scrolls labelled MAJAVO CEUGREA
  1537 | D:2      | 1537 ||| READING 2 scrolls labelled DUWAEKORAJ.
  1538 | D:2      | 1538 ||| DROPPING 2 scrolls of revelation.
  1539 | D:2      | 1539 ||| DROPPING scroll of amnesia.
  1794 | D:3      | Found an opulent altar of Gozag.
  1794 | D:3      | Found a stormy altar of Qazlal.
  1833 | D:3      | Reached skill level 1 in Armour
  1835 | D:3      | 1835 ||| FLEEEEING.
  1837 | D:3      | 1837 ||| FLEEEEING.
  1839 | D:3      | 1839 ||| FLEEEEING.
  1840 | D:3      | 1840 ||| FLEEEEING.
  1841 | D:3      | 1841 ||| FLEEEEING.
  1842 | D:3      | 1842 ||| FLEEEEING.
  1843 | D:3      | 1843 ||| FLEEEEING.
  1844 | D:3      | 1844 ||| FLEEEEING.
  1845 | D:3      | 1845 ||| FLEEEEING.
  1846 | D:3      | 1846 ||| FLEEEEING.
  1847 | D:3      | 1847 ||| FLEEEEING.
  1848 | D:3      | 1848 ||| FLEEEEING.
  1932 | D:3      | Noticed Terence
  1945 | D:3      | Killed Terence
  1946 | D:3      | Reached XP level 5. HP: 32/32 MP: 5/5
  2364 | D:4      | 2364 ||| PLANNING SEWER
  2409 | D:4      | Noticed an ogre
  2414 | D:4      | 2414 ||| RETREEAATING.
  2417 | D:4      | 2417 ||| Stepping ~*~*~tactically~*~*~ (retreating).
  2417 | D:4      | HP: 6/32 [ogre/+0 giant club (11)]
  2418 | D:4      | 2418 ||| READING 2 scrolls of teleportation.
  2419 | D:4      | 2419 ||| DRINKING potion of heal wounds.
  2461 | D:4      | Found a staircase to the Ecumenical Temple.
  2484 | D:4      | Reached skill level 6 in Ranged Weapons
  2501 | D:4      | 2501 ||| FLEEEEING.
  2502 | D:4      | 2502 ||| FLEEEEING.
  2503 | D:4      | 2503 ||| FLEEEEING.
  2504 | D:4      | 2504 ||| FLEEEEING.
  2505 | D:4      | 2505 ||| FLEEEEING.
  2506 | D:4      | 2506 ||| FLEEEEING.
  2507 | D:4      | 2507 ||| FLEEEEING.
  2508 | D:4      | 2508 ||| FLEEEEING.
  2509 | D:4      | 2509 ||| FLEEEEING.
  2510 | D:4      | 2510 ||| FLEEEEING.
  2511 | D:4      | 2511 ||| FLEEEEING.
  2512 | D:4      | 2512 ||| FLEEEEING.
  2513 | D:4      | 2513 ||| FLEEEEING.
  2514 | D:4      | 2514 ||| FLEEEEING.
  2515 | D:4      | 2515 ||| FLEEEEING.
  2518 | D:4      | 2518 ||| FLEEEEING.
  2519 | D:4      | 2519 ||| FLEEEEING.
  2520 | D:4      | 2520 ||| FLEEEEING.
  2521 | D:4      | 2521 ||| FLEEEEING.
  2522 | D:4      | 2522 ||| FLEEEEING.
  2523 | D:4      | 2523 ||| FLEEEEING.
  2524 | D:4      | 2524 ||| FLEEEEING.
  2525 | D:4      | 2525 ||| FLEEEEING.
  2526 | D:4      | 2526 ||| STAIRDANCE
  2560 | D:4      | 2560 ||| STAIRDANCE
  2697 | D:4      | Reached XP level 6. HP: 38/38 MP: 6/6
  2708 | D:4      | Reached skill level 4 in Fighting
  2722 | D:4      | Found a glowing drain.
  2731 | D:4      | 2731 ||| READING scroll labelled KAULER GYRRAA.
  2732 | D:4      | 2732 ||| DRINKING 2 cyan potions.
  2737 | Sewer    | Entered a sewer
  3025 | Sewer    | HP: 8/38 [bullfrog (6)]
  3026 | Sewer    | 3026 ||| READING 2 scrolls of teleportation.
  3027 | Sewer    | 3027 ||| DRINKING potion of heal wounds.
  3164 | Sewer    | Reached XP level 7. HP: 35/43 MP: 7/7
  3232 | Sewer    | 3232 ||| READING 3 scrolls labelled NYSIEL BES JIWN.
  3232 | Sewer    | Identified 3 scrolls of acquirement
  3232 | Sewer    | 3232 ||| 3232 ||| Offered amulet of Vitality {RegenMP++
                  | Regen++}
  3232 | Sewer    | 3232 ||| 3232 ||| Offered +1 arbalest of electrocution
  3232 | Sewer    | 3232 ||| 3232 ||| Offered staff "Peni" {+Blink Earth}
  3232 | Sewer    | 3232 ||| 3232 ||| Offered 357 gold pieces
  3232 | Sewer    | 3232 ||| ACQUIRING +1 arbalest of electrocution
  3232 | Sewer    | Acquired a +1 arbalest of electrocution
  3234 | Sewer    | 3234 ||| SWAPPING to +1 arbalest of electrocution.
  3235 | Sewer    | 3235 ||| DROPPING +0 shortbow.
  3236 | Sewer    | 3236 ||| READING 2 scrolls of acquirement.
  3236 | Sewer    | 3236 ||| 3236 ||| Offered +1 heavy triple crossbow
  3236 | Sewer    | 3236 ||| 3236 ||| Offered staff of earth
  3236 | Sewer    | 3236 ||| 3236 ||| Offered manual of Hexes
  3236 | Sewer    | 3236 ||| 3236 ||| Offered 656 gold pieces
  3236 | Sewer    | 3236 ||| ACQUIRING +1 heavy triple crossbow
  3236 | Sewer    | Acquired a +1 heavy triple crossbow
  3237 | Sewer    | 3237 ||| READING scroll of acquirement.
  3237 | Sewer    | 3237 ||| 3237 ||| Offered manual of Hexes
  3237 | Sewer    | 3237 ||| 3237 ||| Offered staff of conjuration
  3237 | Sewer    | 3237 ||| 3237 ||| Offered +8 longbow "Zephyr" {speed, Dex+3
                  | SInv}
  3237 | Sewer    | 3237 ||| 3237 ||| Offered 566 gold pieces
  3237 | Sewer    | 3237 ||| ACQUIRING +8 longbow "Zephyr" {speed, Dex+3 SInv}
  3237 | Sewer    | Acquired the +8 longbow "Zephyr" {speed, Dex+3 SInv}
  3237 | Sewer    | Found the +8 longbow "Zephyr" {speed, Dex+3 SInv}
  3239 | Sewer    | 3239 ||| SWAPPING to +8 longbow "Zephyr" {speed, Dex+3
                  | SInv}.
  3240 | Sewer    | 3240 ||| DROPPING +1 arbalest of electrocution.
  3241 | Sewer    | 3241 ||| READING scroll labelled ZARYCKEARPH.
  3241 | Sewer    | Upgraded the game from 0.31-a0-1183-gd88bbb8b4d to
                  | 0.31-a0-1202-ga8fea8b373
  3241 | Sewer    | 3241 ||| PLANNING SEWER
  3241 | Sewer    | 3241 ||| DRINKING 2 bubbling white potions.
  3345 | Sewer    | 3345 ||| DROPPING potion of berserk rage.
  3348 | D:4      | 3348 ||| PLANNING TEMPLE
  3393 | Temple   | Entered the Ecumenical Temple
  3394 | Temple   | 3394 ||| PLANNING OKAWARU WORSHIP
  3469 | Temple   | Became a worshipper of Warmaster Okawaru
  3470 | Temple   | 3470 ||| PLANNING D:1-11
  3776 | D:5      | Entered Level 5 of the Dungeon
  4025 | D:5      | Reached skill level 5 in Fighting
  4135 | D:5      | Reached XP level 8. HP: 49/49 MP: 8/8
  4531 | D:5      | Reached * piety under Okawaru
  4533 | D:5      | 4533 ||| READING 2 scrolls of identify.
  4533 | D:5      | 4533 ||| IDENTIFYING bubbling yellow potion
  4534 | D:5      | 4534 ||| READING scroll of identify.
  4534 | D:5      | 4534 ||| IDENTIFYING bubbling red potion
  4535 | D:5      | 4535 ||| DRINKING 3 green potions.
  4597 | D:6      | Noticed a wraith
  4606 | D:6      | Killed a wraith
  4607 | D:6      | Reached skill level 1 in Invocations
  4651 | D:6      | Reached skill level 9 in Ranged Weapons
  4759 | D:6      | Found a blossoming altar of Fedhas.
  4857 | D:6      | Reached skill level 3 in Invocations
  4947 | D:6      | Reached skill level 6 in Fighting
  5211 | D:6      | Found a sacrificial altar of Ru.
  5329 | D:6      | 5329 ||| READING scroll of identify.
  5329 | D:6      | 5329 ||| IDENTIFYING sedimented yellow potion
  5330 | D:6      | 5330 ||| READING scroll labelled NIQ UWNEFUGEA.
  5330 | D:6      | 5330 ||| ENCHANTING +0 ring mail.
  5331 | D:6      | 5331 ||| DROPPING potion of degeneration.
  5480 | D:7      | Noticed an unseen horror
  5485 | D:7      | Killed an unseen horror
  5485 | D:7      | Reached ** piety under Okawaru
  5486 | D:7      | Reached XP level 9. HP: 55/55 MP: 12/12
  5487 | D:7      | Noticed a gargoyle
  5488 | D:7      | 5488 ||| Stepping ~*~*~tactically~*~*~ (retreating).
  5494 | D:7      | 5494 ||| Stepping ~*~*~tactically~*~*~ (retreating).
  5498 | D:7      | Reached skill level 3 in Dodging
  5499 | D:7      | Killed a gargoyle
  5499 | D:7      | Reached *** piety under Okawaru
  5500 | D:7      | Reached skill level 7 in Fighting
  5527 | D:7      | 5527 ||| READING scroll of acquirement.
  5527 | D:7      | 5527 ||| 5527 ||| Offered +1 longbow of draining
  5527 | D:7      | 5527 ||| 5527 ||| Offered staff of poison
  5527 | D:7      | 5527 ||| 5527 ||| Offered +0 pair of boots of stealth
  5527 | D:7      | 5527 ||| 5527 ||| Offered 1104 gold pieces
  5527 | D:7      | 5527 ||| ACQUIRING +0 pair of boots of stealth
  5527 | D:7      | Acquired a +0 pair of boots of stealth
  5529 | D:7      | 5529 ||| UPGRADING to +0 pair of boots of stealth.
  5685 | D:7      | Identified the +1 robe of Egips {Dex+2 Slay+2}
  5687 | D:7      | 5687 ||| UPGRADING to +1 robe of Egips {Dex+2 Slay+2}.
  5697 | D:7      | 5697 ||| DROPPING +1 ring mail.
  5790 | D:7      | Noticed a troll
  5795 | D:7      | Killed a troll
  5852 | D:7      | Identified the death talisman of the Hanged Man {rElec rF+
                  | Slay+2}
  5857 | D:7      | Noticed a two-headed ogre
  5862 | D:7      | Killed a two-headed ogre
  5862 | D:7      | Reached **** piety under Okawaru
  5863 | D:7      | Reached skill level 8 in Fighting
  5863 | D:7      | Reached XP level 10. HP: 46/65 MP: 13/13
  5924 | D:7      | Identified the +9 short sword of the People {venom, Will-
                  | Str+3 Int+6}
  5940 | D:7      | 5940 ||| UPGRADING to +0 troll leather armour.
  5950 | D:7      | 5950 ||| DROPPING +1 robe of Egips {Dex+2 Slay+2}.
  6230 | D:7      | 6230 ||| DRINKING 2 sedimented emerald potions.
  6231 | D:7      | 6231 ||| DROPPING potion of attraction.
  6953 | D:8      | 6953 ||| DROPPING +2 robe of fire resistance.
  6954 | D:8      | 6954 ||| UPGRADING to +2 ring mail of fire resistance.
  6964 | D:8      | 6964 ||| READING scroll of identify.
  6964 | D:8      | 6964 ||| IDENTIFYING fizzy white potion
  6965 | D:8      | 6965 ||| DROPPING potion of lignification.
  6978 | D:9      | 6978 ||| STAIRDANCE
  6981 | D:8      | Reached skill level 6 in Invocations
  6983 | D:9      | 6983 ||| STAIRDANCE
  7014 | D:9      | 7014 ||| STAIRDANCE
  7018 | D:8      | Reached ***** piety under Okawaru
  7019 | D:8      | Reached skill level 3 in Armour
  7118 | D:9      | 7118 ||| STAIRDANCE
  7141 | D:9      | 7141 ||| STAIRDANCE
  7168 | D:9      | Reached skill level 12 in Ranged Weapons
  7269 | D:9      | 7269 ||| Stepping ~*~*~tactically~*~*~ (retreating).
  7317 | D:9      | Reached XP level 11. HP: 69/69 MP: 16/16
  7464 | D:9      | Found Saovvont's Armour Boutique.
  7464 | D:9      | Noticed a two-headed ogre
  7467 | D:9      | 7467 ||| Stepping ~*~*~tactically~*~*~ (retreating).
  7469 | D:9      | Killed a two-headed ogre
  7558 | D:9      | 7558 ||| BUYING +0 pair of gloves (58 gold).
  7558 | D:9      | Bought a +0 pair of gloves for 58 gold pieces
  7908 | D:9      | 7908 ||| UPGRADING to +0 pair of gloves.
  7913 | D:9      | 7913 ||| READING 2 scrolls of identify.
  7913 | D:9      | 7913 ||| IDENTIFYING lumpy coppery potion
  7914 | D:9      | 7914 ||| READING scroll of identify.
  7914 | D:9      | 7914 ||| IDENTIFYING yellow potion
  7915 | D:9      | 7915 ||| READING scroll labelled BOYMUE SAICS.
  7925 | D:10     | Entered Level 10 of the Dungeon
  7950 | D:10     | Received a gift from Okawaru
  7959 | D:10     | 7959 ||| FLEEEEING.
  7960 | D:10     | 7960 ||| FLEEEEING.
  7961 | D:10     | 7961 ||| FLEEEEING.
  7962 | D:10     | 7962 ||| FLEEEEING.
  7963 | D:10     | 7963 ||| STAIRDANCE
  8000 | D:10     | 8000 ||| STAIRDANCE
  8026 | D:10     | 8026 ||| STAIRDANCE
  8035 | D:9      | Noticed a sun demon
  8041 | D:10     | 8041 ||| STAIRDANCE
  8048 | D:10     | 8048 ||| STAIRDANCE
  8062 | D:10     | 8062 ||| STAIRDANCE
  8073 | D:9      | Reached skill level 9 in Invocations
  8182 | D:10     | Found a glowing golden altar of the Shining One.
  8190 | D:10     | 8190 ||| FLEEEEING.
  8191 | D:10     | 8191 ||| FLEEEEING.
  8197 | D:10     | 8197 ||| FLEEEEING.
  8198 | D:10     | 8198 ||| FLEEEEING.
  8199 | D:10     | 8199 ||| FLEEEEING.
  8200 | D:10     | 8200 ||| FLEEEEING.
  8201 | D:10     | 8201 ||| FLEEEEING.
  8202 | D:10     | 8202 ||| FLEEEEING.
  8203 | D:10     | 8203 ||| FLEEEEING.
  8204 | D:10     | 8204 ||| FLEEEEING.
  8205 | D:10     | 8205 ||| FLEEEEING.
  8206 | D:10     | 8206 ||| FLEEEEING.
  8207 | D:10     | 8207 ||| FLEEEEING.
  8208 | D:10     | 8208 ||| STAIRDANCE
  8683 | D:11     | Found a staircase to the Lair.
  8684 | D:11     | 8684 ||| RETREEAATING.
  8686 | D:11     | 8686 ||| RETREEAATING.
  8688 | D:11     | 8688 ||| RETREEAATING.
  8695 | D:11     | 8695 ||| INVOKING Finesse.
  8718 | D:11     | Reached skill level 9 in Fighting
  8947 | D:11     | Received a gift from Okawaru
  8970 | D:11     | Found Udetyahi's Magic Scroll Shop.
  8977 | D:11     | 8977 ||| BUYING scroll of enchant armour (105 gold).
  8977 | D:11     | Bought a scroll of enchant armour for 105 gold pieces
  8977 | D:11     | 8977 ||| BUYING scroll of enchant armour (105 gold).
  8977 | D:11     | Bought a scroll of enchant armour for 105 gold pieces
  8977 | D:11     | 8977 ||| BUYING scroll of enchant weapon (105 gold).
  8977 | D:11     | Bought a scroll of enchant weapon for 105 gold pieces
  8977 | D:11     | 8977 ||| BUYING scroll of identify (28 gold).
  8977 | D:11     | Bought a scroll of identify for 28 gold pieces
  8977 | D:11     | 8977 ||| BUYING scroll of teleportation (42 gold).
  8977 | D:11     | Bought a scroll of teleportation for 42 gold pieces
  8977 | D:11     | 8977 ||| BUYING scroll of teleportation (42 gold).
  8977 | D:11     | Bought a scroll of teleportation for 42 gold pieces
  8977 | D:11     | 8977 ||| READING 2 scrolls of enchant armour.
  8977 | D:11     | 8977 ||| ENCHANTING +0 pair of gloves.
  8978 | D:11     | 8978 ||| READING scroll of enchant armour.
  8978 | D:11     | 8978 ||| ENCHANTING +1 pair of gloves.
  9016 | D:11     | Noticed a lindwurm
  9016 | D:11     | Noticed a lindwurm
  9025 | D:11     | Noticed a lindwurm
  9032 | D:11     | Noticed a lindwurm
  9058 | D:11     | Noticed a two-headed ogre
  9065 | D:11     | Killed a two-headed ogre
  9625 | D:11     | Killed a lindwurm
  9626 | D:11     | Reached XP level 12. HP: 76/76 MP: 19/19
  9721 | D:11     | 9721 ||| PLANNING LAIR
  9751 | Lair:1   | Entered Level 1 of the Lair of Beasts
  9769 | Lair:1   | Reached skill level 10 in Fighting
  9895 | Lair:1   | Noticed Amaemon
  9897 | Lair:1   | 9897 ||| Stepping ~*~*~tactically~*~*~ (retreating).
  9898 | Lair:1   | 9898 ||| Stepping ~*~*~tactically~*~*~ (retreating).
  9900 | Lair:1   | 9900 ||| Stepping ~*~*~tactically~*~*~ (retreating).
  9907 | Lair:1   | Killed Amaemon
  9907 | Lair:1   | Received a gift from Okawaru
  9914 | Lair:1   | 9914 ||| Stepping ~*~*~tactically~*~*~ (retreating).
  9915 | Lair:1   | 9915 ||| INVOKING Finesse.
  9919 | Lair:1   | 9919 ||| Stepping ~*~*~tactically~*~*~ (retreating).
 10140 | Lair:1   | Reached skill level 15 in Ranged Weapons
 10605 | Lair:2   | 10605 ||| STAIRDANCE
 10610 | Lair:2   | 10610 ||| STAIRDANCE
 10624 | Lair:2   | 10624 ||| STAIRDANCE
 10732 | Lair:2   | Found a hole to the Spider Nest.
 10735 | Lair:2   | 10735 ||| RETREEAATING.
 10740 | Lair:2   | 10740 ||| Stepping ~*~*~tactically~*~*~ (retreating).
 10741 | Lair:2   | 10741 ||| STILL RETREEAATING.
 10742 | Lair:2   | 10742 ||| Stepping ~*~*~tactically~*~*~ (retreating).
 10743 | Lair:2   | 10743 ||| Stepping ~*~*~tactically~*~*~ (retreating).
 10746 | Lair:2   | 10746 ||| Stepping ~*~*~tactically~*~*~ (retreating).
 10747 | Lair:2   | 10747 ||| Stepping ~*~*~tactically~*~*~ (retreating).
 10748 | Lair:2   | 10748 ||| Stepping ~*~*~tactically~*~*~ (retreating).
 10750 | Lair:2   | 10750 ||| Stepping ~*~*~tactically~*~*~ (retreating).
 10757 | Lair:2   | Received a gift from Okawaru
 10757 | Lair:2   | HP: 14/77 [jumping spider (7)]
 10758 | Lair:2   | 10758 ||| READING 7 scrolls of teleportation.
 10758 | Lair:2   | HP: 6/77 [jumping spider (8)]
 10759 | Lair:2   | 10759 ||| DRINKING 2 potions of heal wounds.
 10760 | Lair:2   | 10760 ||| DRINKING potion of heal wounds.
 10763 | Lair:2   | Reached ****** piety under Okawaru
 10819 | Lair:2   | Reached XP level 13. HP: 42/82 MP: 20/20
 10938 | Lair:2   | 10938 ||| INVOKING Receive Weapon.
 10938 | Lair:2   | 10938 ||| 10938 ||| Offered +1 great mace of protection
                  | with value -1
 10938 | Lair:2   | 10938 ||| 10938 ||| Offered +0 arbalest of draining with
                  | value 2820.4545454545
 10938 | Lair:2   | 10938 ||| 10938 ||| Offered +10 shortbow of Okawaru,
                  | Enfolding {freeze, rN+ Will+ Str+2} with value 2720
 10938 | Lair:2   | 10938 ||| 10938 ||| Offered +3 heavy arbalest with value
                  | 2935.4545454545
 10938 | Lair:2   | 10938 ||| ACQUIRING +3 heavy arbalest
 10938 | Lair:2   | Acquired a +3 heavy arbalest
 10938 | Lair:2   | Received a gift from Okawaru
 10939 | Lair:2   | 10939 ||| INVOKING Receive Armour.
 10939 | Lair:2   | 10939 ||| 10939 ||| Offered +2 pair of boots "Sucegas"
                  | {Slay+2} with value difference 200
 10939 | Lair:2   | 10939 ||| 10939 ||| Offered +0 kite shield "Ykosaes" {rC++
                  | Dex+6 Stlth-} with value difference nil
 10939 | Lair:2   | 10939 ||| 10939 ||| Offered +5 crystal plate armour of
                  | Lilemuabb {Rampage SInv} with value difference nil
 10939 | Lair:2   | 10939 ||| 10939 ||| Offered +1 ring mail "Giarr" {rN+
                  | Will+} with value difference -50
 10939 | Lair:2   | 10939 ||| ACQUIRING +2 pair of boots "Sucegas" {Slay+2}
 10939 | Lair:2   | Acquired the +2 pair of boots "Sucegas" {Slay+2}
 10939 | Lair:2   | Received a gift from Okawaru
 11131 | Lair:2   | 11131 ||| RETREEAATING.
 11132 | Lair:2   | 11132 ||| STILL RETREEAATING.
 11133 | Lair:2   | 11133 ||| STILL RETREEAATING.
 11134 | Lair:2   | 11134 ||| STILL RETREEAATING.
 11139 | Lair:2   | 11139 ||| INVOKING Finesse.
 11246 | Lair:2   | 11246 ||| RETREEAATING.
 11247 | Lair:2   | 11247 ||| STILL RETREEAATING.
 11248 | Lair:2   | 11248 ||| STILL RETREEAATING.
 11249 | Lair:2   | 11249 ||| STILL RETREEAATING.
 11250 | Lair:2   | 11250 ||| Stepping ~*~*~tactically~*~*~ (retreating).
 11251 | Lair:2   | 11251 ||| Stepping ~*~*~tactically~*~*~ (retreating).
 11252 | Lair:2   | 11252 ||| Stepping ~*~*~tactically~*~*~ (retreating).
 11264 | Lair:2   | Reached skill level 11 in Fighting
 11308 | Lair:2   | Found a staircase to the Shoals.
 11309 | Lair:2   | 11309 ||| RETREEAATING.
 11311 | Lair:2   | 11311 ||| STILL RETREEAATING.
 11313 | Lair:2   | 11313 ||| Stepping ~*~*~tactically~*~*~ (retreating).
 11314 | Lair:2   | 11314 ||| Stepping ~*~*~tactically~*~*~ (retreating).
 11315 | Lair:2   | 11315 ||| Stepping ~*~*~tactically~*~*~ (retreating).
 11316 | Lair:2   | 11316 ||| Stepping ~*~*~tactically~*~*~ (retreating).
 11317 | Lair:2   | 11317 ||| Stepping ~*~*~tactically~*~*~ (retreating).
 11443 | Lair:2   | 11443 ||| RETREEAATING.
 11449 | Lair:2   | 11449 ||| STILL RETREEAATING.
 11450 | Lair:2   | 11450 ||| STILL RETREEAATING.
 11451 | Lair:2   | 11451 ||| STILL RETREEAATING.
 11452 | Lair:2   | 11452 ||| STILL RETREEAATING.
 11638 | Lair:2   | 11638 ||| UPGRADING to +2 pair of boots "Sucegas" {Slay+2}.
 11648 | Lair:2   | 11648 ||| DROPPING +0 pair of boots of stealth.
 11686 | Lair:3   | Received a gift from Okawaru
 11698 | Lair:3   | 11698 ||| RETREEAATING.
 11699 | Lair:3   | 11699 ||| Stepping ~*~*~tactically~*~*~ (retreating).
 11932 | Lair:3   | 11932 ||| RETREEAATING.
 11943 | Lair:3   | 11943 ||| RETREEAATING.
 12150 | Lair:3   | You fall into a shaft and drop 2 floors!
 12150 | Lair:5   | Entered Level 5 of the Lair of Beasts
 12304 | Lair:5   | 12304 ||| RETREEAATING.
 12305 | Lair:5   | 12305 ||| STILL RETREEAATING.
 12307 | Lair:5   | 12307 ||| STILL RETREEAATING.
 12308 | Lair:5   | 12308 ||| STILL RETREEAATING.
 12318 | Lair:5   | 12318 ||| Stepping ~*~*~tactically~*~*~ (retreating).
 12375 | Lair:5   | Received a gift from Okawaru
 12384 | Lair:5   | 12384 ||| UPGRADING to +2 cloak of preservation.
 12389 | Lair:5   | 12389 ||| DROPPING ring of ice.
 12390 | Lair:5   | 12390 ||| UPGRADING to ring of protection from cold.
 12391 | Lair:5   | Found a runed translucent gate.
 12391 | Lair:5   | Found a runed translucent gate.
 12391 | Lair:5   | Found a runed translucent gate.
 12399 | Lair:4   | 12399 ||| Stepping ~*~*~tactically~*~*~ (retreating).
 12400 | Lair:4   | 12400 ||| Stepping ~*~*~tactically~*~*~ (retreating).
 12401 | Lair:4   | 12401 ||| Stepping ~*~*~tactically~*~*~ (retreating).
 12402 | Lair:4   | 12402 ||| Stepping ~*~*~tactically~*~*~ (retreating).
 12403 | Lair:4   | 12403 ||| Stepping ~*~*~tactically~*~*~ (retreating).
 12404 | Lair:4   | 12404 ||| Stepping ~*~*~tactically~*~*~ (retreating).
 12405 | Lair:4   | 12405 ||| Stepping ~*~*~tactically~*~*~ (retreating).
 12406 | Lair:4   | 12406 ||| INVOKING Finesse.
 12424 | Lair:4   | Reached skill level 6 in Armour
 12433 | Lair:4   | Reached skill level 6 in Dodging
 12488 | Lair:4   | Found a transporter.
 12489 | Lair:4   | Noticed qw's ghost (journeyman GrHu)
 13207 | Lair:4   | Found a viscous altar of Jiyva.
 13207 | Lair:4   | Found a staircase to the Slime Pits.
 13269 | Lair:4   | Found a transporter.
 13331 | Lair:4   | 13331 ||| RETREEAATING.
 13335 | Lair:4   | 13335 ||| Stepping ~*~*~tactically~*~*~ (retreating).
 13336 | Lair:4   | 13336 ||| Stepping ~*~*~tactically~*~*~ (retreating).
 13337 | Lair:4   | 13337 ||| Stepping ~*~*~tactically~*~*~ (retreating).
 13338 | Lair:4   | 13338 ||| Stepping ~*~*~tactically~*~*~ (retreating).
 13339 | Lair:4   | 13339 ||| Stepping ~*~*~tactically~*~*~ (retreating).
 13340 | Lair:4   | 13340 ||| Stepping ~*~*~tactically~*~*~ (retreating).
 13341 | Lair:4   | 13341 ||| Stepping ~*~*~tactically~*~*~ (retreating).
 13342 | Lair:4   | 13342 ||| Stepping ~*~*~tactically~*~*~ (retreating).
 13343 | Lair:4   | 13343 ||| Stepping ~*~*~tactically~*~*~ (retreating).
 13344 | Lair:4   | 13344 ||| Stepping ~*~*~tactically~*~*~ (retreating).
 13345 | Lair:4   | 13345 ||| Stepping ~*~*~tactically~*~*~ (retreating).
 13346 | Lair:4   | 13346 ||| Stepping ~*~*~tactically~*~*~ (retreating).
 13347 | Lair:4   | 13347 ||| Stepping ~*~*~tactically~*~*~ (retreating).
 13360 | Lair:4   | Received a gift from Okawaru
 13450 | Lair:4   | Gained mutation: Your large and strong wings let you fly.
                  | [Gargoyle growth]
 13450 | Lair:4   | Reached XP level 14. HP: 90/90 MP: 21/21
 13750 | Lair:5   | Reached skill level 18 in Ranged Weapons
 13757 | Lair:5   | 13757 ||| RETREEAATING.
 13758 | Lair:5   | 13758 ||| Stepping ~*~*~tactically~*~*~ (retreating).
 13759 | Lair:5   | 13759 ||| Stepping ~*~*~tactically~*~*~ (retreating).
 13760 | Lair:5   | 13760 ||| Stepping ~*~*~tactically~*~*~ (retreating).
 13761 | Lair:5   | 13761 ||| Stepping ~*~*~tactically~*~*~ (retreating).
 13923 | Lair:5   | 13923 ||| RETREEAATING.
 13924 | Lair:5   | 13924 ||| STILL RETREEAATING.
 13925 | Lair:5   | 13925 ||| STILL RETREEAATING.
 13926 | Lair:5   | 13926 ||| Stepping ~*~*~tactically~*~*~ (retreating).
 13927 | Lair:5   | 13927 ||| Stepping ~*~*~tactically~*~*~ (retreating).
 13928 | Lair:5   | 13928 ||| Stepping ~*~*~tactically~*~*~ (retreating).
 13929 | Lair:5   | 13929 ||| INVOKING Finesse.
 13981 | Lair:5   | Reached skill level 12 in Fighting
 14113 | Lair:5   | 14113 ||| INVOKING Finesse.
 14338 | Lair:5   | 14338 ||| Stepping ~*~*~tactically~*~*~ (retreating).
 14339 | Lair:5   | 14339 ||| Stepping ~*~*~tactically~*~*~ (retreating).
 14340 | Lair:5   | 14340 ||| Stepping ~*~*~tactically~*~*~ (retreating).
 14341 | Lair:5   | 14341 ||| Stepping ~*~*~tactically~*~*~ (retreating).
 14342 | Lair:5   | 14342 ||| Stepping ~*~*~tactically~*~*~ (retreating).
 14343 | Lair:5   | 14343 ||| Stepping ~*~*~tactically~*~*~ (retreating).
 14349 | Lair:5   | Received a gift from Okawaru
 14387 | Lair:5   | Identified the ring "Dokkoga" {Ice Will+ Str+2 Dex+4 SInv}
 14835 | Lair:5   | Noticed qw's ghost (journeyman GrHu)
 14838 | Lair:5   | 14838 ||| PLANNING D
 14838 | Lair:5   | 14838 ||| UPGRADING to ring "Dokkoga" {Ice Will+ Str+2
                  | Dex+4 SInv}.
 14840 | Lair:5   | 14840 ||| UPGRADING to +4 ring of protection.
 15044 | D:12     | Noticed Nessos
 15053 | D:12     | Killed Nessos
 15053 | D:12     | Received a gift from Okawaru
 15444 | D:12     | Noticed Fannar
 15462 | D:12     | Killed Fannar
 15599 | D:12     | Found a staircase to the Orcish Mines.
 15671 | D:12     | 15671 ||| Stepping ~*~*~tactically~*~*~ (retreating).
 15672 | D:12     | 15672 ||| Stepping ~*~*~tactically~*~*~ (retreating).
 16226 | D:13     | Found a gate to the Vaults.
 16227 | D:13     | 16227 ||| PLANNING GAUNTLET
 16227 | D:13     | 16227 ||| INVOKING Finesse.
 16228 | D:13     | 16228 ||| STAIRDANCE
 16275 | D:13     | 16275 ||| STAIRDANCE
 16277 | D:12     | 16277 ||| Stepping ~*~*~tactically~*~*~ (retreating).
 16278 | D:12     | 16278 ||| Stepping ~*~*~tactically~*~*~ (retreating).
 16279 | D:12     | 16279 ||| Stepping ~*~*~tactically~*~*~ (retreating).
 16280 | D:12     | 16280 ||| Stepping ~*~*~tactically~*~*~ (retreating).
 16281 | D:12     | 16281 ||| Stepping ~*~*~tactically~*~*~ (retreating).
 16282 | D:12     | 16282 ||| Stepping ~*~*~tactically~*~*~ (retreating).
 16313 | D:13     | 16313 ||| STAIRDANCE
 16319 | D:12     | 16319 ||| Stepping ~*~*~tactically~*~*~ (retreating).
 16320 | D:12     | 16320 ||| Stepping ~*~*~tactically~*~*~ (retreating).
 16321 | D:12     | 16321 ||| Stepping ~*~*~tactically~*~*~ (retreating).
 16322 | D:12     | 16322 ||| Stepping ~*~*~tactically~*~*~ (retreating).
 16323 | D:12     | 16323 ||| Stepping ~*~*~tactically~*~*~ (retreating).
 16350 | D:13     | 16350 ||| STAIRDANCE
 16352 | D:12     | 16352 ||| Stepping ~*~*~tactically~*~*~ (retreating).
 16353 | D:12     | 16353 ||| Stepping ~*~*~tactically~*~*~ (retreating).
 16354 | D:12     | 16354 ||| Stepping ~*~*~tactically~*~*~ (retreating).
 16355 | D:12     | 16355 ||| Stepping ~*~*~tactically~*~*~ (retreating).
 16356 | D:12     | 16356 ||| Stepping ~*~*~tactically~*~*~ (retreating).
 16511 | D:13     | Found a gate leading to a gauntlet.
 16519 | Gauntlet | Entered a Gauntlet
 16519 | Gauntlet | Found a transporter.
 16529 | Gauntlet | Found a transporter.
 16530 | Gauntlet | Found a transporter.
 16537 | Gauntlet | Found a runed translucent gate.
 16539 | Gauntlet | Found a runed translucent gate.
 16539 | Gauntlet | Found a transporter.
 16541 | Gauntlet | Found a runed translucent gate.
 16543 | Gauntlet | Found a transporter.
 16551 | Gauntlet | Found a transporter.
 16556 | Gauntlet | Found a transporter.
 16560 | Gauntlet | Noticed a reaper
 16564 | Gauntlet | Found a transporter.
 16568 | Gauntlet | Found a transporter.
 16577 | Gauntlet | Found a transporter.
 16609 | Gauntlet | Found a transporter.
 16621 | Gauntlet | Found a transporter.
 16634 | Gauntlet | Found a transporter.
 16647 | Gauntlet | Found a transporter.
 16651 | Gauntlet | Found a runed translucent door.
 16688 | Gauntlet | 16688 ||| Stepping ~*~*~tactically~*~*~ (cloud).
 16836 | Gauntlet | 16836 ||| DROPPING scarf of shadows.
 16930 | Gauntlet | Identified the +8 hand axe of Iskaocaf {venom, Str+3 Int+4}
 16966 | D:13     | 16966 ||| PLANNING D
 16968 | D:13     | You are sucked into a shaft and drop 1 floor!
 16969 | D:14     | Noticed Rupert
 16984 | D:14     | Killed Rupert
 16984 | D:14     | Received a gift from Okawaru
 17164 | D:14     | Reached XP level 15. HP: 96/96 MP: 22/22
 17592 | D:13     | 17592 ||| Stepping ~*~*~tactically~*~*~ (retreating).
 17594 | D:13     | 17594 ||| Stepping ~*~*~tactically~*~*~ (retreating).
 17599 | D:13     | 17599 ||| FLEEEEING.
 17600 | D:13     | 17600 ||| FLEEEEING.
 17606 | D:13     | 17606 ||| FLEEEEING.
 17607 | D:13     | 17607 ||| FLEEEEING.
 17608 | D:13     | 17608 ||| FLEEEEING.
 17609 | D:13     | 17609 ||| STAIRDANCE
 17680 | D:13     | Reached skill level 13 in Fighting
 17788 | D:13     | 17788 ||| Stepping ~*~*~tactically~*~*~ (retreating).
 17853 | D:13     | 17853 ||| RETREEAATING.
 17886 | D:13     | Received a gift from Okawaru
 18052 | D:13     | 18052 ||| READING 13 scrolls of identify.
 18052 | D:13     | 18052 ||| IDENTIFYING scroll labelled POTTYCL GOJI
 18103 | D:14     | 18103 ||| STAIRDANCE
 18579 | D:14     | Noticed Kirke
 18587 | D:14     | Killed Kirke
 18609 | D:14     | 18609 ||| RETREEAATING.
 18610 | D:14     | 18610 ||| STILL RETREEAATING.
 18611 | D:14     | 18611 ||| STILL RETREEAATING.
 18612 | D:14     | 18612 ||| STILL RETREEAATING.
 18613 | D:14     | 18613 ||| STILL RETREEAATING.
 18650 | D:14     | 18650 ||| RETREEAATING.
 18653 | D:14     | 18653 ||| RETREEAATING.
 18835 | D:14     | Found a hazy altar of Hepliaklqana.
 18875 | D:14     | Received a gift from Okawaru
 18876 | D:14     | 18876 ||| FLEEEEING.
 18877 | D:14     | 18877 ||| FLEEEEING.
 18878 | D:14     | 18878 ||| FLEEEEING.
 19020 | D:14     | 19020 ||| DRINKING 8 potions of curing.
 19020 | D:14     | 19020 ||| (to cure confusion)
 19022 | D:14     | Reached skill level 9 in Dodging
 19101 | D:14     | Found a basalt altar of Yredelemnul.
 19611 | D:15     | Entered Level 15 of the Dungeon
 19638 | D:15     | Found a staircase to the Depths.
 19671 | D:15     | Reached skill level 14 in Fighting
 19859 | D:15     | 19859 ||| READING 8 scrolls of teleportation.
 19863 | D:15     | Received a gift from Okawaru
 19864 | D:15     | Reached XP level 16. HP: 43/106 MP: 23/23
 20295 | D:15     | 20295 ||| Stepping ~*~*~tactically~*~*~ (retreating).
 20316 | D:15     | Reached skill level 9 in Armour
 20397 | D:15     | 20397 ||| Stepping ~*~*~tactically~*~*~ (retreating).
 20685 | D:15     | 20685 ||| PLANNING ORC
 20685 | D:15     | 20685 ||| DROPPING amulet of guardian spirit.
 20686 | D:15     | 20686 ||| DROPPING ring of positive energy.
 20687 | D:15     | 20687 ||| DROPPING ring of see invisible.
 20688 | D:15     | 20688 ||| UPGRADING to +6 ring of dexterity.
 20690 | D:15     | 20690 ||| DROPPING ring of protection from cold.
 20691 | D:15     | 20691 ||| READING 12 scrolls of identify.
 20691 | D:15     | 20691 ||| IDENTIFYING scroll labelled KETTAN UCYRR
 20692 | D:15     | 20692 ||| DROPPING scroll of vulnerability.
 20773 | Orc:1    | Entered Level 1 of the Orcish Mines
 20816 | Orc:1    | 20816 ||| FLEEEEING.
 20819 | Orc:1    | 20819 ||| FLEEEEING.
 20820 | Orc:1    | 20820 ||| STAIRDANCE
 21285 | Orc:2    | Entered Level 2 of the Orcish Mines
 21307 | Orc:2    | Found a staircase to the Elven Halls.
 21519 | Orc:1    | 21519 ||| Stepping ~*~*~tactically~*~*~ (retreating).
 21520 | Orc:1    | 21520 ||| Stepping ~*~*~tactically~*~*~ (retreating).
 21521 | Orc:1    | 21521 ||| INVOKING Finesse.
 21535 | Orc:1    | Received a gift from Okawaru
 21830 | Orc:2    | 21830 ||| RETREEAATING.
 21838 | Orc:2    | 21838 ||| INVOKING Finesse.
 21883 | Orc:2    | Reached skill level 15 in Fighting
 21922 | Orc:2    | Found Renof's Magic Scroll Shoppe.
 21922 | Orc:2    | Found Ypiuhuant's General Store.
 21924 | Orc:2    | Found Cokynt's Weapon Shoppe.
 21924 | Orc:2    | Found Xagojyte's Antique Weapon Boutique.
 21930 | Orc:2    | 21930 ||| BUYING scroll of enchant weapon (82 gold).
 21930 | Orc:2    | Bought a scroll of enchant weapon for 82 gold pieces
 21930 | Orc:2    | 21930 ||| BUYING scroll of teleportation (33 gold).
 21930 | Orc:2    | Bought a scroll of teleportation for 33 gold pieces
 21936 | Orc:2    | 21936 ||| BUYING potion of curing (30 gold).
 21936 | Orc:2    | Bought a potion of curing for 30 gold pieces
 21936 | Orc:2    | 21936 ||| BUYING potion of heal wounds (50 gold).
 21936 | Orc:2    | Bought a potion of heal wounds for 50 gold pieces
 22085 | Orc:2    | 22085 ||| PLANNING SPIDER:1-3
 22252 | Spider:1 | Entered Level 1 of the Spider Nest
 22253 | Spider:1 | 22253 ||| RETREEAATING.
 22254 | Spider:1 | 22254 ||| STILL RETREEAATING.
 22255 | Spider:1 | 22255 ||| Stepping ~*~*~tactically~*~*~ (retreating).
 22256 | Spider:1 | 22256 ||| Stepping ~*~*~tactically~*~*~ (retreating).
 22261 | Spider:1 | 22261 ||| Stepping ~*~*~tactically~*~*~ (retreating).
 22262 | Spider:1 | 22262 ||| Stepping ~*~*~tactically~*~*~ (retreating).
 22263 | Spider:1 | 22263 ||| Stepping ~*~*~tactically~*~*~ (retreating).
 22264 | Spider:1 | 22264 ||| Stepping ~*~*~tactically~*~*~ (retreating).
 22624 | Spider:1 | Received a gift from Okawaru
 22982 | Spider:1 | 22982 ||| DROPPING +6 ring of intelligence.
 22983 | Spider:1 | 22983 ||| DROPPING +6 ring of strength.
 22984 | Spider:1 | 22984 ||| DROPPING +4 ring of slaying {mikee}.
 22997 | Spider:2 | 22997 ||| STAIRDANCE
 23002 | Spider:2 | 23002 ||| DRINKING 9 potions of curing.
 23002 | Spider:2 | 23002 ||| (to cure confusion)
 23299 | Spider:2 | Noticed Asterion
 23300 | Spider:2 | 23300 ||| FLEEEEING.
 23303 | Spider:2 | 23303 ||| FLEEEEING.
 23304 | Spider:2 | 23304 ||| FLEEEEING.
 23305 | Spider:2 | 23305 ||| FLEEEEING.
 23306 | Spider:2 | 23306 ||| FLEEEEING.
 23308 | Spider:2 | 23308 ||| FLEEEEING.
 23313 | Spider:2 | 23313 ||| FLEEEEING.
 23314 | Spider:2 | 23314 ||| FLEEEEING.
 23315 | Spider:2 | 23315 ||| FLEEEEING.
 23316 | Spider:2 | 23316 ||| FLEEEEING.
 23317 | Spider:2 | 23317 ||| FLEEEEING.
 23318 | Spider:2 | 23318 ||| FLEEEEING.
 23319 | Spider:2 | 23319 ||| FLEEEEING.
 23320 | Spider:2 | 23320 ||| FLEEEEING.
 23321 | Spider:2 | 23321 ||| FLEEEEING.
 23322 | Spider:2 | 23322 ||| FLEEEEING.
 23323 | Spider:2 | 23323 ||| FLEEEEING.
 23324 | Spider:2 | 23324 ||| FLEEEEING.
 23325 | Spider:2 | 23325 ||| FLEEEEING.
 23328 | Spider:2 | 23328 ||| FLEEEEING.
 23334 | Spider:2 | 23334 ||| FLEEEEING.
 23340 | Spider:2 | 23340 ||| FLEEEEING.
 23341 | Spider:2 | 23341 ||| FLEEEEING.
 23356 | Spider:2 | 23356 ||| FLEEEEING.
 23357 | Spider:2 | 23357 ||| FLEEEEING.
 23358 | Spider:2 | 23358 ||| FLEEEEING.
 23360 | Spider:2 | 23360 ||| FLEEEEING.
 23361 | Spider:2 | 23361 ||| FLEEEEING.
 23362 | Spider:2 | 23362 ||| FLEEEEING.
 23366 | Spider:2 | 23366 ||| FLEEEEING.
 23367 | Spider:2 | 23367 ||| FLEEEEING.
 23368 | Spider:2 | 23368 ||| FLEEEEING.
 23369 | Spider:2 | 23369 ||| FLEEEEING.
 23370 | Spider:2 | 23370 ||| FLEEEEING.
 23371 | Spider:2 | 23371 ||| FLEEEEING.
 23372 | Spider:2 | 23372 ||| FLEEEEING.
 23373 | Spider:2 | 23373 ||| FLEEEEING.
 23385 | Spider:2 | Killed Asterion
 23386 | Spider:2 | Reached skill level 16 in Fighting
 23593 | Spider:2 | Noticed Arachne
 23607 | Spider:2 | Killed Arachne
 23607 | Spider:2 | Received a gift from Okawaru
 23654 | Spider:2 | Reached XP level 17. HP: 113/115 MP: 24/24
 23880 | Spider:2 | 23880 ||| Stepping ~*~*~tactically~*~*~ (retreating).
 23882 | Spider:2 | 23882 ||| Stepping ~*~*~tactically~*~*~ (retreating).
 24250 | Spider:3 | 24250 ||| Stepping ~*~*~tactically~*~*~ (retreating).
 24251 | Spider:3 | 24251 ||| Stepping ~*~*~tactically~*~*~ (retreating).
 24252 | Spider:3 | 24252 ||| Stepping ~*~*~tactically~*~*~ (retreating).
 24253 | Spider:3 | 24253 ||| Stepping ~*~*~tactically~*~*~ (retreating).
 24260 | Spider:3 | Received a gift from Okawaru
 24270 | Spider:3 | 24270 ||| Stepping ~*~*~tactically~*~*~ (retreating).
 24274 | Spider:3 | 24274 ||| Stepping ~*~*~tactically~*~*~ (retreating).
 24307 | Spider:3 | Reached skill level 12 in Dodging
 24465 | Spider:3 | 24465 ||| RETREEAATING.
 24466 | Spider:3 | 24466 ||| STILL RETREEAATING.
 24467 | Spider:3 | 24467 ||| STILL RETREEAATING.
 24468 | Spider:3 | 24468 ||| STILL RETREEAATING.
 24473 | Spider:3 | 24473 ||| Stepping ~*~*~tactically~*~*~ (retreating).
 24474 | Spider:3 | 24474 ||| Stepping ~*~*~tactically~*~*~ (retreating).
 24475 | Spider:3 | 24475 ||| Stepping ~*~*~tactically~*~*~ (retreating).
 24476 | Spider:3 | 24476 ||| Stepping ~*~*~tactically~*~*~ (retreating).
 24477 | Spider:3 | 24477 ||| Stepping ~*~*~tactically~*~*~ (retreating).
 24506 | Spider:3 | 24506 ||| INVOKING Finesse.
 24628 | Spider:3 | Found a transporter.
 24644 | Spider:3 | Noticed qw's ghost (adept MiHs)
 24660 | Spider:3 | Found a transporter.
 24693 | Spider:3 | Reached skill level 17 in Fighting
 25005 | Spider:3 | 25005 ||| PLANNING SHOALS:1-3
 25083 | Shoals:1 | Entered Level 1 of the Shoals
 25349 | Shoals:1 | Found Sazeus's Gadget Gallery.
 25357 | Shoals:1 | 25357 ||| BUYING wand of acid (8) (504 gold).
 25357 | Shoals:1 | Bought a wand of acid (8) for 504 gold pieces
 25357 | Shoals:1 | 25357 ||| BUYING wand of iceblast (7) (252 gold).
 25357 | Shoals:1 | Bought a wand of iceblast (7) for 252 gold pieces
 25357 | Shoals:1 | 25357 ||| BUYING wand of paralysis (4) (144 gold).
 25357 | Shoals:1 | Bought a wand of paralysis (4) for 144 gold pieces
 25378 | Shoals:1 | You are sucked into a shaft and drop 1 floor!
 25428 | Shoals:2 | Received a gift from Okawaru
 25436 | Shoals:2 | 25436 ||| Stepping ~*~*~tactically~*~*~ (retreating).
 25570 | Shoals:1 | Reached skill level 18 in Fighting
 25887 | Shoals:1 | 25887 ||| DROPPING +1 ring mail of poison resistance.
 25957 | Shoals:2 | 25957 ||| Stepping ~*~*~tactically~*~*~ (retreating).
 25970 | Shoals:2 | 25970 ||| Stepping ~*~*~tactically~*~*~ (retreating).
 25971 | Shoals:2 | 25971 ||| Stepping ~*~*~tactically~*~*~ (retreating).
 26021 | Shoals:2 | 26021 ||| FLEEEEING.
 26022 | Shoals:2 | 26022 ||| FLEEEEING.
 26052 | Shoals:2 | 26052 ||| INVOKING Finesse.
 26071 | Shoals:2 | Received a gift from Okawaru
 26228 | Shoals:2 | Noticed Ilsuiw
 26242 | Shoals:2 | Reached XP level 18. HP: 124/125 MP: 25/25
 26245 | Shoals:2 | Killed Ilsuiw
 26802 | Shoals:2 | 26802 ||| UPGRADING to amulet of faith.
 26807 | Shoals:2 | 26807 ||| DROPPING wand of mindburst (8).
 26881 | Shoals:3 | 26881 ||| FLEEEEING.
 26882 | Shoals:3 | 26882 ||| FLEEEEING.
 26883 | Shoals:3 | 26883 ||| FLEEEEING.
 26884 | Shoals:3 | 26884 ||| FLEEEEING.
 26885 | Shoals:3 | 26885 ||| FLEEEEING.
 26886 | Shoals:3 | 26886 ||| FLEEEEING.
 26887 | Shoals:3 | 26887 ||| FLEEEEING.
 26888 | Shoals:3 | 26888 ||| FLEEEEING.
 27147 | Shoals:3 | 27147 ||| RETREEAATING.
 27164 | Shoals:3 | Received a gift from Okawaru
 27184 | Shoals:3 | 27184 ||| RETREEAATING.
 27215 | Shoals:3 | 27215 ||| FLEEEEING.
 27216 | Shoals:3 | 27216 ||| FLEEEEING.
 27217 | Shoals:3 | 27217 ||| FLEEEEING.
 27224 | Shoals:3 | 27224 ||| FLEEEEING.
 27226 | Shoals:3 | 27226 ||| FLEEEEING.
 27227 | Shoals:3 | 27227 ||| FLEEEEING.
 27231 | Shoals:3 | 27231 ||| FLEEEEING.
 27237 | Shoals:3 | 27237 ||| FLEEEEING.
 27238 | Shoals:3 | 27238 ||| FLEEEEING.
 27239 | Shoals:3 | 27239 ||| FLEEEEING.
 27758 | Shoals:3 | 27758 ||| PLANNING SPIDER:4
 27910 | Spider:4 | Entered Level 4 of the Spider Nest
 27915 | Spider:4 | 27915 ||| STAIRDANCE
 27922 | Spider:4 | 27922 ||| STAIRDANCE
 27957 | Spider:4 | 27957 ||| STAIRDANCE
 28050 | Spider:4 | Reached skill level 19 in Fighting
 28127 | Spider:4 | 28127 ||| Stepping ~*~*~tactically~*~*~ (retreating).
 28129 | Spider:4 | Received a gift from Okawaru
 28270 | Spider:4 | 28270 ||| Stepping ~*~*~tactically~*~*~ (retreating).
 28277 | Spider:4 | 28277 ||| Stepping ~*~*~tactically~*~*~ (retreating).
 28497 | Spider:4 | 28497 ||| Stepping ~*~*~tactically~*~*~ (retreating).
 28498 | Spider:4 | 28498 ||| Stepping ~*~*~tactically~*~*~ (retreating).
 28501 | Spider:4 | 28501 ||| Stepping ~*~*~tactically~*~*~ (retreating).
 28502 | Spider:4 | 28502 ||| Stepping ~*~*~tactically~*~*~ (retreating).
 28503 | Spider:4 | 28503 ||| Stepping ~*~*~tactically~*~*~ (retreating).
 28504 | Spider:4 | 28504 ||| Stepping ~*~*~tactically~*~*~ (retreating).
 28505 | Spider:4 | 28505 ||| Stepping ~*~*~tactically~*~*~ (retreating).
 28506 | Spider:4 | 28506 ||| Stepping ~*~*~tactically~*~*~ (retreating).
 28507 | Spider:4 | 28507 ||| Stepping ~*~*~tactically~*~*~ (retreating).
 28589 | Spider:4 | Received a gift from Okawaru
 28654 | Spider:4 | Got a gossamer rune of Zot
 28666 | Spider:4 | 28666 ||| RETREEAATING.
 28667 | Spider:4 | 28667 ||| STILL RETREEAATING.
 28669 | Spider:4 | 28669 ||| Stepping ~*~*~tactically~*~*~ (retreating).
 28670 | Spider:4 | 28670 ||| Stepping ~*~*~tactically~*~*~ (retreating).
 28671 | Spider:4 | 28671 ||| Stepping ~*~*~tactically~*~*~ (retreating).
 28672 | Spider:4 | 28672 ||| Stepping ~*~*~tactically~*~*~ (retreating).
 29060 | Spider:4 | 29060 ||| PLANNING VAULTS:1-4
 29060 | Spider:4 | 29060 ||| UPGRADING to scarf of resistance.
 29070 | Spider:4 | 29070 ||| UPGRADING to +1 pair of gloves of dexterity.
 29080 | Spider:4 | 29080 ||| DROPPING +2 pair of gloves.
 29081 | Spider:4 | 29081 ||| READING 2 scrolls of enchant armour.
 29081 | Spider:4 | 29081 ||| ENCHANTING +1 pair of gloves of dexterity.
 29287 | Vaults:1 | Entered Level 1 of the Vaults
 29509 | Vaults:1 | 29509 ||| Stepping ~*~*~tactically~*~*~ (retreating).
 29550 | Vaults:1 | 29550 ||| Stepping ~*~*~tactically~*~*~ (retreating).
 29551 | Vaults:1 | 29551 ||| Stepping ~*~*~tactically~*~*~ (retreating).
 29552 | Vaults:1 | 29552 ||| Stepping ~*~*~tactically~*~*~ (retreating).
 29553 | Vaults:1 | 29553 ||| Stepping ~*~*~tactically~*~*~ (retreating).
 29554 | Vaults:1 | 29554 ||| Stepping ~*~*~tactically~*~*~ (retreating).
 29555 | Vaults:1 | 29555 ||| Stepping ~*~*~tactically~*~*~ (retreating).
 29556 | Vaults:1 | 29556 ||| Stepping ~*~*~tactically~*~*~ (retreating).
 29599 | Vaults:1 | 29599 ||| RETREEAATING.
 29600 | Vaults:1 | 29600 ||| STILL RETREEAATING.
 29605 | Vaults:1 | Received a gift from Okawaru
 29612 | Vaults:1 | 29612 ||| FLEEEEING.
 29613 | Vaults:1 | 29613 ||| FLEEEEING.
 29614 | Vaults:1 | 29614 ||| FLEEEEING.
 29615 | Vaults:1 | 29615 ||| FLEEEEING.
 29616 | Vaults:1 | 29616 ||| FLEEEEING.
 29617 | Vaults:1 | 29617 ||| FLEEEEING.
 29618 | Vaults:1 | 29618 ||| FLEEEEING.
 29619 | Vaults:1 | 29619 ||| FLEEEEING.
 29620 | Vaults:1 | 29620 ||| FLEEEEING.
 29621 | Vaults:1 | 29621 ||| FLEEEEING.
 29622 | Vaults:1 | 29622 ||| FLEEEEING.
 29623 | Vaults:1 | 29623 ||| FLEEEEING.
 29624 | Vaults:1 | 29624 ||| FLEEEEING.
 29625 | Vaults:1 | 29625 ||| FLEEEEING.
 29626 | Vaults:1 | 29626 ||| FLEEEEING.
 29627 | Vaults:1 | 29627 ||| FLEEEEING.
 29628 | Vaults:1 | 29628 ||| FLEEEEING.
 29629 | Vaults:1 | 29629 ||| FLEEEEING.
 29630 | Vaults:1 | 29630 ||| FLEEEEING.
 29631 | Vaults:1 | 29631 ||| FLEEEEING.
 29632 | Vaults:1 | 29632 ||| FLEEEEING.
 29633 | Vaults:1 | 29633 ||| FLEEEEING.
 29634 | Vaults:1 | 29634 ||| FLEEEEING.
 29635 | Vaults:1 | 29635 ||| FLEEEEING.
 29636 | Vaults:1 | 29636 ||| FLEEEEING.
 29637 | Vaults:1 | 29637 ||| FLEEEEING.
 29638 | Vaults:1 | 29638 ||| FLEEEEING.
 29639 | Vaults:1 | 29639 ||| FLEEEEING.
 29640 | Vaults:1 | 29640 ||| FLEEEEING.
 29641 | Vaults:1 | 29641 ||| FLEEEEING.
 29642 | Vaults:1 | 29642 ||| FLEEEEING.
 29643 | Vaults:1 | 29643 ||| FLEEEEING.
 29644 | Vaults:1 | 29644 ||| FLEEEEING.
 29645 | Vaults:1 | 29645 ||| FLEEEEING.
 29646 | Vaults:1 | 29646 ||| FLEEEEING.
 29647 | Vaults:1 | 29647 ||| FLEEEEING.
 29648 | Vaults:1 | 29648 ||| FLEEEEING.
 29814 | Vaults:1 | 29814 ||| RETREEAATING.
 29819 | Vaults:1 | 29819 ||| STILL RETREEAATING.
 29820 | Vaults:1 | 29820 ||| STILL RETREEAATING.
 29821 | Vaults:1 | 29821 ||| STILL RETREEAATING.
 29829 | Vaults:1 | 29829 ||| Stepping ~*~*~tactically~*~*~ (retreating).
 29830 | Vaults:1 | 29830 ||| Stepping ~*~*~tactically~*~*~ (retreating).
 29831 | Vaults:1 | 29831 ||| Stepping ~*~*~tactically~*~*~ (retreating).
 29832 | Vaults:1 | 29832 ||| Stepping ~*~*~tactically~*~*~ (retreating).
 29833 | Vaults:1 | 29833 ||| Stepping ~*~*~tactically~*~*~ (retreating).
 29835 | Vaults:1 | 29835 ||| Stepping ~*~*~tactically~*~*~ (retreating).
 29966 | Vaults:1 | 29966 ||| Stepping ~*~*~tactically~*~*~ (retreating).
 29981 | Vaults:1 | Reached XP level 19. HP: 134/134 MP: 26/26
 30020 | Vaults:1 | 30020 ||| RETREEAATING.
 30022 | Vaults:1 | 30022 ||| Stepping ~*~*~tactically~*~*~ (retreating).
 30031 | Vaults:1 | 30031 ||| Stepping ~*~*~tactically~*~*~ (retreating).
 30034 | Vaults:1 | Reached skill level 20 in Fighting
 30192 | Vaults:1 | 30192 ||| RETREEAATING.
 30193 | Vaults:1 | 30193 ||| STILL RETREEAATING.
 30197 | Vaults:1 | 30197 ||| RETREEAATING.
 30210 | Vaults:1 | Received a gift from Okawaru
 30333 | Vaults:1 | 30333 ||| FLEEEEING.
 30339 | Vaults:1 | 30339 ||| FLEEEEING.
 30340 | Vaults:1 | 30340 ||| FLEEEEING.
 30341 | Vaults:1 | 30341 ||| FLEEEEING.
 30342 | Vaults:1 | 30342 ||| FLEEEEING.
 30343 | Vaults:1 | 30343 ||| FLEEEEING.
 30344 | Vaults:1 | 30344 ||| FLEEEEING.
 30356 | Vaults:1 | 30356 ||| FLEEEEING.
 30361 | Vaults:1 | 30361 ||| FLEEEEING.
 30362 | Vaults:1 | 30362 ||| FLEEEEING.
 30363 | Vaults:1 | 30363 ||| FLEEEEING.
 30380 | Vaults:1 | 30380 ||| FLEEEEING.
 30381 | Vaults:1 | 30381 ||| FLEEEEING.
 30382 | Vaults:1 | 30382 ||| FLEEEEING.
 30383 | Vaults:1 | 30383 ||| FLEEEEING.
 30384 | Vaults:1 | 30384 ||| FLEEEEING.
 30385 | Vaults:1 | 30385 ||| FLEEEEING.
 30386 | Vaults:1 | 30386 ||| FLEEEEING.
 30387 | Vaults:1 | 30387 ||| FLEEEEING.
 30388 | Vaults:1 | 30388 ||| FLEEEEING.
 30389 | Vaults:1 | 30389 ||| FLEEEEING.
 30390 | Vaults:1 | 30390 ||| FLEEEEING.
 30391 | Vaults:1 | 30391 ||| FLEEEEING.
 30392 | Vaults:1 | 30392 ||| FLEEEEING.
 30393 | Vaults:1 | 30393 ||| FLEEEEING.
 30394 | Vaults:1 | 30394 ||| FLEEEEING.
 30395 | Vaults:1 | 30395 ||| FLEEEEING.
 30396 | Vaults:1 | 30396 ||| FLEEEEING.
 30397 | Vaults:1 | 30397 ||| FLEEEEING.
 30398 | Vaults:1 | 30398 ||| FLEEEEING.
 30399 | Vaults:1 | 30399 ||| FLEEEEING.
 30408 | Vaults:1 | 30408 ||| STAIRDANCE
 30928 | Vaults:1 | Found the +18 shield of the Gong {Loud rN+ Will+ rCorr
                  | EV-5}
 30990 | Vaults:2 | 30990 ||| FLEEEEING.
 30991 | Vaults:2 | 30991 ||| FLEEEEING.
 30992 | Vaults:2 | 30992 ||| FLEEEEING.
 31001 | Vaults:2 | 31001 ||| FLEEEEING.
 31002 | Vaults:2 | 31002 ||| FLEEEEING.
 31003 | Vaults:2 | 31003 ||| STAIRDANCE
 31282 | Vaults:2 | 31282 ||| Stepping ~*~*~tactically~*~*~ (retreating).
 31351 | Vaults:2 | Noticed Mennas
 31372 | Vaults:2 | Killed Mennas
 31373 | Vaults:2 | Reached skill level 15 in Dodging
 31463 | Vaults:2 | 31463 ||| RETREEAATING.
 31464 | Vaults:2 | 31464 ||| INVOKING Finesse.
 31466 | Vaults:2 | Received a gift from Okawaru
 31526 | Vaults:2 | 31526 ||| FLEEEEING.
 31527 | Vaults:2 | 31527 ||| FLEEEEING.
 31624 | Vaults:2 | Received a gift from Okawaru
 31698 | Vaults:2 | 31698 ||| FLEEEEING.
 31699 | Vaults:2 | 31699 ||| FLEEEEING.
 31700 | Vaults:2 | 31700 ||| FLEEEEING.
 31701 | Vaults:2 | 31701 ||| FLEEEEING.
 31762 | Vaults:2 | 31762 ||| Stepping ~*~*~tactically~*~*~ (retreating).
 31763 | Vaults:2 | 31763 ||| Stepping ~*~*~tactically~*~*~ (retreating).
 31764 | Vaults:2 | 31764 ||| Stepping ~*~*~tactically~*~*~ (retreating).
 31765 | Vaults:2 | 31765 ||| Stepping ~*~*~tactically~*~*~ (retreating).
 31766 | Vaults:2 | 31766 ||| INVOKING Finesse.
 31795 | Vaults:2 | Reached skill level 21 in Fighting
 31880 | Vaults:2 | 31880 ||| RETREEAATING.
 31886 | Vaults:2 | 31886 ||| INVOKING Finesse.
 31962 | Vaults:2 | 31962 ||| FLEEEEING.
 31963 | Vaults:2 | 31963 ||| FLEEEEING.
 31969 | Vaults:2 | 31969 ||| Stepping ~*~*~tactically~*~*~ (retreating).
 31970 | Vaults:2 | 31970 ||| Stepping ~*~*~tactically~*~*~ (retreating).
 31971 | Vaults:2 | 31971 ||| Stepping ~*~*~tactically~*~*~ (retreating).
 31972 | Vaults:2 | 31972 ||| Stepping ~*~*~tactically~*~*~ (retreating).
 31973 | Vaults:2 | 31973 ||| Stepping ~*~*~tactically~*~*~ (retreating).
 31974 | Vaults:2 | 31974 ||| Stepping ~*~*~tactically~*~*~ (retreating).
 32001 | Vaults:2 | You are sucked into a shaft and drop 1 floor!
 32028 | Vaults:3 | 32028 ||| PLANNING WIZLAB
 32036 | Vaults:3 | Received a gift from Okawaru
 32050 | Vaults:3 | 32050 ||| INVOKING Finesse.
 32051 | Vaults:3 | 32051 ||| INVOKING Finesse.
 32087 | Vaults:3 | Noticed Zenata
 32105 | Vaults:3 | Reached XP level 20. HP: 129/144 MP: 24/27
 32133 | Vaults:3 | Killed Zenata
 32149 | Vaults:3 | Received a gift from Okawaru
 32164 | Vaults:3 | Reached skill level 12 in Armour
 32557 | Vaults:3 | 32557 ||| RETREEAATING.
 32652 | Vaults:3 | Found a magical portal.
 32653 | Vaults:3 | 32653 ||| UPGRADING to +0 helmet.
 32658 | Vaults:3 | 32658 ||| READING scroll of enchant armour.
 32658 | Vaults:3 | 32658 ||| ENCHANTING +0 helmet.
 32667 | WizLab   | Entered The Chambers of the Cloud Mage
 32681 | WizLab   | 32681 ||| INVOKING Finesse.
 32737 | WizLab   | Received a gift from Okawaru
 32738 | WizLab   | Paralysed by an air elemental for 1 turns
 32748 | WizLab   | Paralysed by an air elemental for 1 turns
 32975 | WizLab   | 32975 ||| Stepping ~*~*~tactically~*~*~ (retreating).
 32982 | WizLab   | 32982 ||| Stepping ~*~*~tactically~*~*~ (retreating).
 32984 | WizLab   | 32984 ||| Stepping ~*~*~tactically~*~*~ (retreating).
 32985 | WizLab   | 32985 ||| INVOKING Finesse.
 33001 | WizLab   | 33001 ||| Stepping ~*~*~tactically~*~*~ (retreating).
 33002 | WizLab   | 33002 ||| Stepping ~*~*~tactically~*~*~ (retreating).
 33003 | WizLab   | 33003 ||| Stepping ~*~*~tactically~*~*~ (retreating).
 33018 | WizLab   | 33018 ||| Stepping ~*~*~tactically~*~*~ (cloud).
 33188 | WizLab   | Noticed Bigiu
 33191 | WizLab   | 33191 ||| INVOKING Finesse.
 33199 | WizLab   | Killed Bigiu the Cloud Mage
 33200 | WizLab   | 33200 ||| Stepping ~*~*~tactically~*~*~ (cloud).
 33276 | WizLab   | Identified the ring of Mudghumuk {Fly rN+ Will- Str+2}
 33371 | WizLab   | 33371 ||| DROPPING +2 pair of boots of rampaging.
 33372 | WizLab   | 33372 ||| DROPPING scarf of repulsion.
 33373 | WizLab   | 33373 ||| DROPPING ring of Mudghumuk {Fly rN+ Will- Str+2}.
 33392 | Vaults:3 | 33392 ||| PLANNING VAULTS:1-4
 33613 | Vaults:2 | Found Ostoitukhly's Magic Scroll Shoppe.
 33621 | Vaults:2 | 33621 ||| BUYING scroll of enchant armour (172 gold).
 33621 | Vaults:2 | Bought a scroll of enchant armour for 172 gold pieces
 33621 | Vaults:2 | 33621 ||| BUYING scroll of teleportation (69 gold).
 33621 | Vaults:2 | Bought a scroll of teleportation for 69 gold pieces
 33621 | Vaults:2 | 33621 ||| BUYING scroll of teleportation (69 gold).
 33621 | Vaults:2 | Bought a scroll of teleportation for 69 gold pieces
 33621 | Vaults:2 | 33621 ||| BUYING scroll of teleportation (69 gold).
 33621 | Vaults:2 | Bought a scroll of teleportation for 69 gold pieces
 33621 | Vaults:2 | 33621 ||| READING scroll of enchant armour.
 33621 | Vaults:2 | 33621 ||| ENCHANTING +1 helmet.
 33674 | Vaults:2 | 33674 ||| Stepping ~*~*~tactically~*~*~ (retreating).
 33675 | Vaults:2 | 33675 ||| INVOKING Finesse.
 33816 | Vaults:3 | 33816 ||| STAIRDANCE
 33818 | Vaults:2 | 33818 ||| Stepping ~*~*~tactically~*~*~ (retreating).
 33819 | Vaults:2 | 33819 ||| Stepping ~*~*~tactically~*~*~ (retreating).
 33820 | Vaults:2 | 33820 ||| Stepping ~*~*~tactically~*~*~ (retreating).
 33821 | Vaults:2 | 33821 ||| Stepping ~*~*~tactically~*~*~ (retreating).
 33824 | Vaults:2 | 33824 ||| Stepping ~*~*~tactically~*~*~ (retreating).
 33894 | Vaults:3 | 33894 ||| STAIRDANCE
 33945 | Vaults:3 | 33945 ||| STAIRDANCE
 34265 | Vaults:3 | 34265 ||| RETREEAATING.
 34267 | Vaults:3 | 34267 ||| RETREEAATING.
 34270 | Vaults:3 | 34270 ||| STILL RETREEAATING.
 34271 | Vaults:3 | 34271 ||| STILL RETREEAATING.
 34276 | Vaults:3 | 34276 ||| STILL RETREEAATING.
 34277 | Vaults:3 | 34277 ||| STILL RETREEAATING.
 34278 | Vaults:3 | 34278 ||| STILL RETREEAATING.
 34284 | Vaults:3 | Received a gift from Okawaru
 34353 | Vaults:3 | 34353 ||| Stepping ~*~*~tactically~*~*~ (retreating).
 34354 | Vaults:3 | 34354 ||| Stepping ~*~*~tactically~*~*~ (retreating).
 34365 | Vaults:3 | 34365 ||| Stepping ~*~*~tactically~*~*~ (retreating).
 34367 | Vaults:3 | 34367 ||| Stepping ~*~*~tactically~*~*~ (retreating).
 34378 | Vaults:3 | Reached skill level 22 in Fighting
 34633 | Vaults:3 | Found a staircase to the Crypt.
 34763 | Vaults:3 | Noticed Jory
 34784 | Vaults:3 | HP: 35/145 [Jory/+4 great sword of electrocution (7)]
 34785 | Vaults:3 | 34785 ||| READING 16 scrolls of teleportation.
 34785 | Vaults:3 | Killed from afar by Jory

Levels and vault maps discovered:
D:1:      minmay_arrival_wavy_path, layout_basic,
          shapermc_ecumenical_altar_acropolis
D:2:      layout_basic
D:3:      layout_loops_ring, gammafunk_temple_overflow_wave, uniq_terence
D:4:      layout_rooms, minmay_temple_entry_large_hall, portal_sewer_entry_e
D:5:      layout_loops_corners, nicolae_tricolors
D:6:      layout_loops_ring, fedhas_altar_fruit_tree, lemuel_doored_altar
D:7:      minmay_the_grid_octo_tiled_octocenter [minmay_the_grid_octo_teeth,
          minmay_the_grid_octo_odd_swirl, minmay_the_grid_octo_checkerflower,
          minmay_the_grid_octo_fat_diamond,
          minmay_the_grid_octo_prize_single_spiral,
          minmay_the_grid_square_5x5_tetrominoes,
          minmay_the_grid_square_5x5_empty, minmay_the_grid_square_5x5_inner_z,
          minmay_the_grid_square_5x5_percent], layout_cave_pools,
          minmay_manual_maat
D:8:      layout_basic
D:9:      layout_loops_ring, serial_shops, nicolae_shop_advertising_works
          [nicolae_subvault_shop_adworks]
D:10:     layout_rooms, mainiacjoe_overflow_chevrons
D:11:     layout_roguey, minmay_lair_entry_grove, serial_shops, shop,
          minmay_lindwurm_lava
D:12:     layout_grid_maze, minmay_orc_entry_temple_large, chequers_garden,
          uniq_fannar, uniq_nessos
D:13:     minmay_quarter_circles, layout_basic, david_vaults_3,
          portal_ice_cave_entry_ice_simulacra, gauntlet_entry_generic
D:14:     layout_layer_cave, nicolae_hepliaklqana_hazy_memory,
          nicolae_yredelemnul_corpse_copse, uniq_kirke, uniq_rupert
D:15:     gammafunk_depths_entry_grave, layout_rooms, serial_co_window_serial,
          co_window_paths_a, co_window_of_opportunity_a, co_window_paths_a,
          co_window_corner_a, co_window_paths_a, co_window_paths_b,
          co_window_paths_a, co_window_unsneaky_path_a,
          co_window_unsneaky_path_c, co_window_of_opportunity_b,
          co_window_broadway_a, co_window_unsneaky_path_b, glass_columns_a
Temple:   minmay_crystal_spiral_temple
Lair:1:   layout_cave_pods, uniq_amaemon
Lair:2:   layout_gridlike, elwin_shoals_entry_stream, spider_nest_entry_a
Lair:3:   layout_regular_city
Lair:4:   layout_hall_layers, dpeg_slime_entry_enclosed, gammafunk_ghost_arena
Lair:5:   minmay_lair_end_enchanted_forest, layout_long_grid,
          ebering_ghost_rock_garden
Shoals:1: layout_shoals, nicolae_shop_gadgets
Shoals:2: cheibrodos_shoals_three_sisters, layout_shoals, uniq_ilsuiw
Shoals:3: layout_shoals, yaktaur_hedge
Spider:1: layout_spider_delve, nicolae_spider_world_wide_web
Spider:2: layout_spider_delve, uniq_arachne, uniq_asterion
Spider:3: layout_spider_delve, gammafunk_ghost_arena
Spider:4: grunt_spider_rune_parallel
Orc:1:    layout_caves, nicolae_orc_damp_corner
Orc:2:    grunt_orc_tribal_feast, layout_caves
Vaults:1: nicolae_vaults_tetromino_Z_2, nicolae_vaults_cochlea,
          nicolae_vaults_hexular_roomagon, nicolae_vaults_asterisk,
          ontoclasm_vaults_misaligned, hellmonk_guarded_unrand_gong,
          nicolae_vaults_apartment_2, nicolae_vaults_big_ls,
          nicolae_vaults_diamond_2, nicolae_vaults_specimen_jars,
          nicolae_vaults_trapezoid_lopsided_1, layout_vaults_chaotic_city
Vaults:2: v_misc_30, nicolae_vaults_oval_intersection, nicolae_vaults_house_1,
          hangedman_vaults_pinch, nicolae_vaults_trapezoid_lopsided_3,
          nicolae_vaults_storage_closets_3, hangedman_vaults_trim,
          hangedman_vaults_river_flow, v_rooms_6, vaults_room_mumra_shop_pool,
          serial_ice_g, ontoclasm_vaults_ligature, st_lattice,
          layout_vaults_maze_snakey, uniq_mennas
Vaults:3: mu_enter_wizlab_3, nicolae_vaults_closet_pinwheel_3,
          nicolae_vaults_trapezoid_lopsided_3, ontoclasm_vaults_claustrophobia,
          nicolae_vaults_layer_cake_slice, v_misc_12,
          nicolae_vaults_big_angled_halls, nicolae_vaults_sealed_display,
          nicolae_vaults_closet_pinwheel_1, nicolae_vaults_diamond_2,
          minmay_crypt_entry_skeletal_spiral, ontoclasm_vaults_shuriken,
          nicolae_vaults_double_plus_1, layout_vaults_omnicross, uniq_zenata,
          uniq_jory

Skill      XL: |  1  2  3  4  5  6  7  8  9 10 11 12 13 14 15 16 17 18 19 20 |
---------------+-------------------------------------------------------------+-----
Ranged Weapons | 5 6 7 8 10 11 12 13 15 17 19 20 | 20.0
Fighting       | 3 4 5 6 8 9 10 11 12 14 16 18 19 21 22 | 22.0
Armour         | 1 2 3 4 5 6 7 8 9 10 11 13 | 13.1
Dodging        | 2 4 5 6 8 9 11 12 14 16 | 16.2
Invocations    | 4 7 10 | 10.0
Stealth        | |  1.1

Action                     |  1- 3 |  4- 6 |  7- 9 | 10-12 | 13-15 | 16-18 | 19-21 || total
---------------------------+-------+-------+-------+-------+-------+-------+-------++-------
   Fire: Shortbow          |    97 |   305 |     2 |       |       |       |       ||   404
         Longbow           |       |       |   173 |   531 |  1375 |  1706 |   912 ||  4697
 Invoke: Finesse           |       |       |       |     2 |     5 |     4 |     8 ||    19
         Receive Weapon    |       |       |       |       |     1 |       |       ||     1
         Receive Armour    |       |       |       |       |     1 |       |       ||     1
    Use: Scroll            |     7 |     6 |     9 |     7 |     2 |     2 |     3 ||    36
         Potion            |     1 |     3 |     2 |     3 |     1 |     1 |       ||    11
 Armour: Leather armour    |    20 |     3 |       |       |       |       |       ||    23
         Ring mail         |       |   143 |    34 |   156 |   434 |   222 |   159 ||  1148
         Robe              |       |       |     3 |       |       |       |       ||     3
         Troll leather arm |       |       |       |    13 |       |       |       ||    13
  Dodge: Dodged            |    22 |   101 |    24 |   146 |   398 |   421 |   218 ||  1330

Table legend:
 A = Non-vault XP
 B = Vault XP
 C = Vault XP percentage of total XP
 D = Non-vault monster count
 E = Vault monster count
 F = Vault count percentage of total count
                 A         B        C        D         E       F
            +---------+---------+-------+---------+---------+-------
      Total |  273815 |  184300 |  40.2 |     863 |     447 |  34.1
            +---------+---------+-------+---------+---------+-------
        D:1 |      43 |       0 |   0.0 |      25 |       0 |   0.0
        D:2 |      84 |       0 |   0.0 |      21 |       0 |   0.0
        D:3 |      52 |      36 |  40.9 |      19 |       1 |   5.0
        D:4 |     382 |      14 |   3.5 |      17 |       8 |  32.0
        D:5 |     408 |       0 |   0.0 |      11 |       0 |   0.0
        D:6 |     839 |       0 |   0.0 |      17 |       0 |   0.0
        D:7 |     290 |    3617 |  92.6 |       9 |      21 |  70.0
        D:8 |    2140 |       0 |   0.0 |      29 |       0 |   0.0
        D:9 |    3558 |       0 |   0.0 |      35 |       0 |   0.0
       D:10 |    1736 |       0 |   0.0 |      10 |       0 |   0.0
       D:11 |    2345 |    4542 |  66.0 |      11 |      15 |  57.7
       D:12 |    4033 |    7789 |  65.9 |      13 |      31 |  70.5
       D:13 |    6137 |   13796 |  69.2 |      12 |      35 |  74.5
       D:14 |    9746 |    9410 |  49.1 |      19 |      18 |  48.6
       D:15 |    8937 |    5286 |  37.2 |      20 |       7 |  25.9
     Lair:1 |    4928 |    1195 |  19.5 |      22 |       2 |   8.3
     Lair:2 |    9464 |    1997 |  17.4 |      39 |       7 |  15.2
     Lair:3 |    4305 |       0 |   0.0 |      16 |       0 |   0.0
     Lair:4 |    9938 |       0 |   0.0 |      29 |       0 |   0.0
     Lair:5 |    8867 |    8517 |  49.0 |      27 |      48 |  64.0
   Shoals:1 |   10199 |       0 |   0.0 |      19 |       0 |   0.0
   Shoals:2 |   13534 |    9463 |  41.1 |      27 |      12 |  30.8
   Shoals:3 |   20066 |     377 |   1.8 |      44 |       1 |   2.2
   Spider:1 |   10519 |    4294 |  29.0 |      28 |       8 |  22.2
   Spider:2 |   20731 |    3835 |  15.6 |      55 |       2 |   3.5
   Spider:3 |   24531 |       0 |   0.0 |      74 |       0 |   0.0
   Spider:4 |   10561 |   15762 |  59.9 |      24 |      36 |  60.0
      Orc:1 |    5504 |       0 |   0.0 |      44 |       0 |   0.0
      Orc:2 |    2754 |    8462 |  75.4 |      34 |      29 |  46.0
   Vaults:1 |   23641 |   11632 |  33.0 |      31 |      13 |  29.5
   Vaults:2 |   22732 |   40232 |  63.9 |      37 |      49 |  57.0
   Vaults:3 |   30811 |   16479 |  34.8 |      45 |      26 |  36.6
      Sewer |       0 |     322 | 100.0 |       0 |      47 | 100.0
     WizLab |       0 |   15253 | 100.0 |       0 |      25 | 100.0
   Gauntlet |       0 |    1990 | 100.0 |       0 |       6 | 100.0
            +---------+---------+-------+---------+---------+-------
